AoeStats
← Zhangchenguang1922

Arabia

507924290Analyzed
1v1 RM · 12d ago on Sep 20, 2026· 38m 52s· 2 players
Game mode
Random Map
Map size
Tiny (2 player)
Population
200
Speed
Normal
Resources
Standard
Victory
Conquest
Starting age
Dark Age
Ending age
Imperial Age
RankedLock teamsTeams togetherTeam positionsShared explorationLock speedFull tech treeHidden civsTurbo modeCheats
Victory
Defeat
🇨🇳 Malians · China
820
+16
🇺🇸 Tatars · United States
830
-16
Zhangchenguang1922
8:13 Loom
10:05 Feudal Age
21:28 Castle Age
19:41 Horse Collar
20:10 Double-Bit Axe
22:35 Wheelbarrow
23:07 Bloodlines
23:31 Heavy Plow
25:20 Scale Barding Armor
27:17 Forging
29:26 Iron Casting
29:40 Husbandry
37:56 Imperial Age
36:26 Fletching
36:58 Chain Barding Armor
37:04 Bodkin Arrow
39:56 Plate Barding Armor
HousedHun
5:58 Loom
11:56 Feudal Age
20:27 Castle Age
19:50 Double-Bit Axe
19:58 Gold Mining
19:54 Horse Collar
25:51 Bloodlines
26:48 Husbandry
28:21 Stone Mining
29:49 Forging
30:41 Scale Mail Armor
31:51 Pikeman
32:32 Squires
34:42 Town Watch
35:33 Wheelbarrow
Connection lost

Rejoining the realm…

Still unreachable

The connection could not be restored.

Session expired

The server has moved on; the page needs a fresh start.